 Dungeon Crawl Stone Soup version 0.18-b1-2-gd0c887e (webtiles) character file.

2249 RudyRod the Magician (level 9, 0/61 HPs)
             Began as a Demonspawn Fire Elementalist on Apr 28, 2016.
             Was a Believer of Vehumet.
             Succumbed to a killer bee's poison
             ... on level 8 of the Dungeon.
             The game lasted 01:12:00 (8506 turns).

RudyRod the Magician (Demonspawn Fire Elementalist) Turns: 8506, Time: 01:12:01

Health: 0/61       AC: 15    Str:  6 (8)  XL:     9   Next: 15%
Magic:  17/27      EV: 14    Int: 17 (19) God:    Vehumet [**....]
Gold:   270        SH:  0    Dex: 12 (15) Spells: 4 memorised, 10 levels left

rFire  . . .     SeeInvis .     q - +3 mace (protect)
rCold  . . .     Gourm    .     a - +1 robe
rNeg   . . .     Faith    .     (no shield)
rPois  .         Spirit   .     (helmet restricted)
rElec  .         Dismiss  .     K - +0 cloak
rCorr  .         Reflect  .     (no gloves)
SustAt .         Harm     .     (no boots)
MR     .....                    (no amulet)
Stlth  ++........               v - ring of magical power
                                z - +3 ring of protection

@: lethally poisoned (0 -> -15), not resistant to hostile enchantments,
unstealthy
A: antennae 2, yellow scales 2, powered by pain 1
a: Renounce Religion


You were on level 8 of the Dungeon.
You worshipped Vehumet.
Vehumet was pleased with you.
You were not hungry.

You visited 1 branch of the dungeon, and saw 8 of its levels.

You collected 270 gold pieces.

Inventory:

Hand Weapons
 d - a +0 mace
 j - a +2 dagger of speed
 q - a +3 mace of protection (weapon)
 r - a +0 scythe
 H - a cursed -1 shortbow
 J - a +0 vampiric dagger
Missiles
 e - 5 tomahawks
 f - 3 throwing nets (quivered)
 I - 19 arrows
Armour
 a - a +1 robe (worn)
 p - a +0 helmet
 u - a +0 shield
 y - a +0 robe
 G - a cursed +0 helmet
 K - a +0 cloak (worn)
Jewellery
 m - an uncursed ring of see invisible
 v - a ring of magical power (right hand)
 z - a +3 ring of protection (left hand)
 E - a cursed amulet of inaccuracy {unknown}
Wands
 g - a wand of flame (6/48)
Scrolls
 D - a scroll of fog
Potions
 h - a potion of might {unknown}
 i - a potion of heal wounds {unknown}
 k - 2 potions of flight
 l - 2 potions of brilliance
 n - 3 potions of haste {unknown}
 s - a potion of curing {unknown}
 t - a potion of ambrosia {unknown}
 w - 2 potions of lignification {unknown}
 x - a potion of degeneration
 B - a potion of magic
Books
 b - a book of Flames

   Spells                             Type                      Level
   a - Flame Tongue                   Conjuration/Fire             1
   b - Throw Flame                    Conjuration/Fire             2
   c - Conjure Flame                  Conjuration/Fire             3
   d - Inner Flame                    Hexes/Fire                   3
   e - Sticky Flame                   Conjuration/Fire             4
   f - Fireball                       Conjuration/Fire             5
Comestibles
 c - 4 bread rations
 C - a meat ration
 F - 3 fruits


   Skills:
 + Level 2.2 Fighting
 + Level 0.3 Short Blades
 + Level 2.0 Maces & Flails
 + Level 5.0 Dodging
 + Level 2.8 Stealth
 + Level 6.0 Spellcasting
 + Level 5.6 Conjurations
 + Level 5.7 Fire Magic


You had 10 spell levels left.
You knew the following spells:

 Your Spells              Type           Power        Failure   Level  Hunger
a - Flame Tongue          Conj/Fire      ###..        1%          1    None
b - Throw Flame           Conj/Fire      ###...       1%          2    None
c - Sticky Flame          Conj/Fire      ###.....     14%         4    ####...
d - Conjure Flame         Conj/Fire      ###.....     4%          3    ##.....


Dungeon Overview and Level Annotations

Branches:
Dungeon (9/15)
 Temple: D:4-7         Lair: D:8-11         Orc: D:9-12

Altars:
Ashenzari
Gozag
Okawaru
Pakellas
Vehumet


Innate Abilities, Weirdness & Mutations

You have a pair of antennae on your head.
You are mostly covered in yellow scales (AC +3).
You sometimes gain a little power by taking damage.


Message History

You feel your power returning.
Your Dodging skill increases to level 5!
* * * LOW HITPOINT WARNING * * *
You feel sick.
The killer bee burns!
The killer bee stings you but does no damage.
The killer bee barely misses you.
You hit the giant gecko.
The giant gecko is severely wounded.
* * * LOW HITPOINT WARNING * * *
You feel sick.
The killer bee burns!
You kill the killer bee!
Vehumet accepts your kill. The giant gecko closely misses you.
The killer bee zombie barely misses you.
The giant gecko misses you.
The killer bee zombie hits you but does no damage.
You sock the giant gecko!
You kill the giant gecko!
Vehumet accepts your kill.
You die...

........ ........
##### ......# ##....
#.....# ..#.. #.....#
..# ##..! #..... ....
#....###†#..###....
#...#yyZ@#...#.....
#...####.#.......
...##......#.#..#....
#.........{#.......
#.Z#.y.%..##.......#
... #........>..#...#
.. #....y...##.# # .
.........### ...
#.......... .##


You could see 2 killer bees and a killer bee zombie.

Vanquished Creatures
  The ghost of Shenda the Slasher, a novice DsFi of Xom (D:5)
  Sigmund (D:3)
  A water moccasin (D:5)
  A sky beast (D:6)
  A black bear (D:6)
  A phantom (D:4)
  An ogre (D:4)
  The ghost of Rationalist the Skirmisher, an amateur DsBe of Trog (D:3)
  2 centaurs (D:6)
  A giant frog (D:6)
  A scorpion (D:5)
  8 killer bees (D:8)
  3 howler monkeys
  A giant frog zombie (D:6)
  A hound (D:4)
  A gnoll shaman (D:5)
  2 orc priests (D:4)
  A centaur zombie (D:5)
  A giant frog skeleton (D:4)
  An orc wizard (D:4)
  An iguana (D:6)
  3 worker ants
  A hound skeleton (D:4)
  An adder (D:2)
  5 gnolls (D:5)
  2 oozes
  2 adder skeletons
  2 worms
  2 dart slugs
  8 giant geckos
  12 orcs
  2 ball pythons
  9 bats
  4 giant cockroaches
  10 hobgoblins
  12 jackals
  6 giant newts
  4 goblins
  11 kobolds
  A quokka zombie (D:5)
  6 rats
135 creatures vanquished.

Vanquished Creatures (others)
  A fire vortex (D:6)
1 creature vanquished.

Grand Total: 136 creatures vanquished

Notes
Turn   | Place    | Note
--------------------------------------------------------------
     0 | D:1      | RudyRod the Demonspawn Fire Elementalist began the quest for the Orb.
     0 | D:1      | Reached XP level 1. HP: 13/13 MP: 3/3
   484 | D:1      | Gained mutation: You are partially covered in yellow scales (AC +2). [demonic ancestry]
   484 | D:1      | Reached XP level 2. HP: 19/19 MP: 1/5
  1250 | D:1      | Reached XP level 3. HP: 24/24 MP: 2/6
  1718 | D:2      | Learned a level 2 spell: Throw Flame
  2238 | D:2      | Gained mutation: You sometimes gain a little power by taking damage. [demonic ancestry]
  2238 | D:2      | Reached XP level 4. HP: 23/30 MP: 0/8
  2379 | D:2      | Found an opulent altar of Gozag.
  2878 | D:3      | Noticed Rationalist's ghost (amateur DsBe)
  3097 | D:3      | Found a radiant altar of Vehumet.
  3106 | D:3      | Became a worshipper of Vehumet
  3205 | D:3      | Noticed Sigmund
  3221 | D:3      | Killed Sigmund
  3221 | D:3      | Reached skill level 3 in Spellcasting
  3221 | D:3      | Gained mutation: You are mostly covered in yellow scales (AC +3). [demonic ancestry]
  3221 | D:3      | Reached XP level 5. HP: 35/35 MP: 4/10
  3519 | D:3      | Killed Rationalist's ghost
  3519 | D:3      | Reached XP level 6. HP: 25/42 MP: 2/11
  4003 | D:4      | Found an iron altar of Okawaru.
  4292 | D:4      | Found a shattered altar of Ashenzari.
  4354 | D:4      | Reached XP level 7. HP: 40/47 MP: 2/12
  4584 | D:4      | Reached skill level 1 in Maces & Flails
  4873 | D:4      | Learned a level 4 spell: Sticky Flame
  4936 | D:4      | Reached * piety under Vehumet
  4936 | D:4      | Offered knowledge of Shock by Vehumet.
  5115 | D:4      | Found an oddly glowing altar of Pakellas.
  5221 | D:4      | Reached skill level 4 in Spellcasting
  5537 | D:5      | Entered Level 5 of the Dungeon
  6035 | D:5      | Noticed Shenda's ghost (novice DsFi)
  6105 | D:4      | Reached skill level 1 in Fighting
  6804 | D:5      | Learned a level 3 spell: Conjure Flame
  6822 | D:5      | Gained mutation: You have a pair of small antennae on your head. [demonic ancestry]
  6822 | D:5      | Reached XP level 8. HP: 53/54 MP: 13/14
  7526 | D:5      | Killed Shenda's ghost
  7526 | D:5      | Reached skill level 5 in Spellcasting
  7526 | D:5      | Reached skill level 5 in Fire Magic
  7983 | D:6      | Reached skill level 5 in Conjurations
  8409 | D:6      | You fall through a shaft for 3 floors!
  8438 | D:9      | Noticed a green ugly thing
  8475 | D:8      | Gained mutation: You have a pair of antennae on your head. [demonic ancestry]
  8475 | D:8      | Reached XP level 9. HP: 54/61 MP: 17/17
  8483 | D:8      | Reached ** piety under Vehumet
  8487 | D:8      | Reached skill level 6 in Spellcasting
  8504 | D:8      | Offered knowledge of Magic Dart by Vehumet.
  8504 | D:8      | Reached skill level 5 in Dodging
  8505 | D:8      | HP: 2/61 [poisoned by a killer bee]
  8506 | D:8      | Succumbed to a killer bee's poison

Skill      XL: |  1  2  3  4  5  6  7  8  9 |
---------------+----------------------------+-----
Dodging        | 2 3 4 5 |  5.0
Stealth        | 2 |  2.8
Fire Magic     | 3 4 5 |  5.7
Conjurations   | 2 3 4 5 |  5.6
Spellcasting   | 3 4 5 6 |  6.0
Maces & Flails | 1 2 |  2.0
Fighting       | 1 2 |  2.2
Short Blades   | |  0.3

Action                   |  1- 3 |  4- 6 |  7- 9 || total
-------------------------+-------+-------+-------++-------
Melee: Mace              |     5 |    49 |    95 ||   149
       Dagger            |    38 |     4 |       ||    42
 Cast: Flame Tongue      |    68 |    19 |     2 ||    89
       Throw Flame       |     7 |    71 |   100 ||   178
       Sticky Flame      |       |       |    35 ||    35
       Conjure Flame     |       |       |     4 ||     4
  Use: Scroll            |     1 |     4 |     8 ||    13
       Potion            |       |       |     5 ||     5
 Stab: Sleeping          |     2 |       |     1 ||     3
  Eat: Chunk             |     3 |     4 |    10 ||    17
       Bread ration      |     1 |     1 |     1 ||     3
       Meat ration       |       |       |     2 ||     2
       Beef jerky        |       |       |     1 ||     1
Armor: Robe              |    16 |    38 |   116 ||   170
Dodge: Dodged            |    38 |    61 |   189 ||   288
